 Dungeon Crawl Stone Soup version 0.21.1-1-g345015f (webtiles) character file.

8607 HammerPanzer the Carver (level 11, -2/92 HPs)
             Began as a Demonspawn Berserker on Mar 31, 2018.
             Was a High Priest of Trog.
             Killed from afar by an electric eel (6 damage)
             ... with a bolt of electricity
             ... on level 10 of the Dungeon.
             The game lasted 00:32:48 (9075 turns).

HammerPanzer the Carver (Demonspawn Berserker)      Turns: 9075, Time: 00:32:49

Health: -2/92      AC: 14    Str: 19    XL:     11   Next: 12%
Magic:  0/11       EV:  5    Int: 10    God:    Trog [*****.]
Gold:   309        SH:  7    Dex: 15    Spells: 10/10 levels left

rFire    . . .     SeeInvis .   F - +4 rapier (venom)
rCold    . . .     Gourm    .   H - +0 shield
rNeg     . . .     Faith    .   B - +2 chain mail {MR+}
rPois    .         Spirit   +   (no helmet)
rElec    .         Reflect  .   w - +0 cloak
rCorr    +         Harm     .   (no gloves)
MR       +....                  d - +0 pair of boots
Stlth    ..........             (no amulet)
HPRegen  0.25/turn              o - ring of resist corrosion
MPRegen  0.12/turn              y - +2 ring of dexterity

@: no status effects
A: talons 2, thin metallic scales 1, spiny 2, magic shield
a: Berserk, Trog's Hand, Brothers in Arms, Burn Spellbooks, Renounce Religion


You were on level 10 of the Dungeon.
You worshipped Trog.
Trog was extremely pleased with you.
You were hungry.

You visited 1 branch of the dungeon, and saw 10 of its levels.
You also visited: Ossuary.

You collected 570 gold pieces.
You spent 261 gold pieces at shops.

Inventory:

Hand Weapons
 D - a +1 great sword of draining
 F - a +4 rapier of venom (weapon)
Missiles
 l - 2 javelins (quivered)
Armour
 d - a +0 pair of boots (worn)
 j - a +4 scale mail of fire resistance
 w - a +0 cloak (worn)
 A - a +4 ring mail
 B - a +2 chain mail of magic resistance (worn)
 H - a +0 shield (worn)
Jewellery
 o - a ring of resist corrosion (left hand)
 t - an uncursed ring of wizardry {unknown}
 y - a +2 ring of dexterity (right hand)
Wands
 a - a wand of acid (7)
 m - a wand of paralysis (15)
 q - a wand of random effects (22)
 v - a wand of disintegration (16)
Scrolls
 e - 5 scrolls of identify
 f - 4 scrolls of remove curse
 h - 4 scrolls of fog
 i - 2 scrolls of enchant armour {unknown}
 C - 3 scrolls of teleportation
 E - a scroll of magic mapping
Potions
 g - 11 potions of curing
 k - 2 potions of heal wounds
 n - a potion of cancellation
 p - a potion of magic
 r - 2 potions of mutation
 s - 3 potions of might
 u - 5 potions of agility
 x - 2 potions of ambrosia
 z - 2 potions of brilliance
Comestibles
 c - 25 rations


   Skills:
 + Level 10.4 Fighting
 * Level 12.9 Long Blades
 - Level 1.7 Armour
 - Level 1.7 Dodging


You had 10 spell levels left.
You didn't know any spells.

Dungeon Overview and Level Annotations

Branches:
Dungeon (10/15)            Temple (0/1) D:6            Lair (0/6) D:9
    Orc: D:9-12

Altars:
Dithmenos
Elyvilon
Fedhas
Kikubaaqudgha
Okawaru
Trog
Uskayaw
Vehumet

Shops:
D:8 !   D:9 (


Innate Abilities, Weirdness & Mutations

You have razor-sharp toenails.
You are partially covered in thin metallic scales. (AC +2)
You are mostly covered in sharp spines.
When hurt, damage is shared between your health and your magic reserves.


Message History

You miss the electric eel.
The electric eel shoots out a bolt of lightning at you!
The bolt of electricity hits you! The bolt of electricity misses you.
You hit the electric eel.
The electric eel is lightly wounded.
The electric eel shoots out a bolt of lightning at you!
The bolt of electricity hits you!
* * * LOW HITPOINT WARNING * * *
The bolt of electricity hits you!
You puncture the electric eel!
The electric eel is poisoned.
The electric eel is severely wounded.
The electric eel shoots out a bolt of lightning at you!
The bolt of electricity hits the plant.
The bolt of electricity hits you!
* * * LOW HITPOINT WARNING * * *
You kill the electric eel!
Trog accepts your kill.
You hear a splash.
The electric eel shoots out a bolt of lightning at you!
The bolt of electricity hits the plant.
The bolt of electricity hits you!
You die...

#... ♣≈P≈..≈≈≈P≈≈ ...##
♣♣P≈..≈♣≈≈≈≈P #...#
♣♣≈;....≈≈≈≈≈≈ ...##
##.♣P≈≈...≈≈≈≈≈P
#...###..♣♣≈P...≈≈≈≈P♣
#...##...#≈≈.$..P≈≈≈P#
#<....>.##≈...≈≈≈≈P♣
##......####)..†P≈≈≈♣
##........##))@.♣≈PP≈♣
#.........##.###≈≈≈PP..
#.............# ≈≈≈≈♣.:
........####..## #♣≈♣#
. ........# #### ≈#
...#...## . ....#..# .
#...#.. .. .##


You could see an electric eel.

Vanquished Creatures
  A manticore (D:9)
  A komodo dragon (D:9)
  Grinder (D:5)
  Prince Ribbit (D:7)
  A hippogriff (D:8)
  5 yaks
  2 wyverns (D:9)
  A human (D:7)
  3 hogs (D:7)
  A basilisk (D:9)
  Menkaure (D:5)
  Duvessa (D:7)
  A water moccasin (D:7)
  A swamp drake (D:9)
  A sky beast (D:7)
  2 ice beasts
  5 phantoms
  A black bear (D:7)
  6 ogres
  2 orc warriors
  5 centaurs
  A crocodile (D:8)
  A big kobold (D:7)
  6 elf zombies
  2 gnoll sergeants (D:9)
  7 bullfrogs
  A wyvern zombie (D:6)
  Dowan (D:7)
  An electric eel (D:10)
  A jelly (D:7)
  A vampire bat (D:8)
  4 howler monkeys
  3 crimson imps
  8 centaur zombies
  A human zombie (Ossuary)
  3 quasits
  A centaur skeleton (D:7)
  7 hounds
  5 orc priests
  6 orc wizards
  3 human skeletons (D:8)
  3 bullfrog skeletons
  2 iguanas
  6 worker ants
  Natasha (thrice) (D:3)
  Terence (D:2)
  3 hound skeletons
  3 mummies (Ossuary)
  A worker ant zombie (D:9)
  10 gnolls
  11 adders
  3 oozes
  3 adder zombies
  3 adder skeletons
  3 worms
  2 dart slugs
  2 leopard geckos
  19 orcs
  2 bats (D:1)
  A bat skeleton (D:8)
  4 bat zombies (D:8)
  6 giant cockroaches
  11 goblins
  5 hobgoblins
  8 jackals
  4 quokkas
  6 frilled lizards
  11 kobolds
  An orc skeleton (D:8)
  An orc zombie (D:8)
  2 rats (D:1)
246 creatures vanquished.

Vanquished Creatures (others)
  An orc priest (D:10)
  An orc (D:10)
2 creatures vanquished.

Grand Total: 248 creatures vanquished

Notes
Turn   | Place    | Note
-------+----------+-------------------------------------------
     0 | D:1      | HammerPanzer the Demonspawn Berserker began the quest for the Orb.
     0 | D:1      | Reached XP level 1. HP: 18/18 MP: 1/1
   267 | D:1      | Reached skill level 3 in Long Blades
   267 | D:1      | Gained mutation: When hurt, damage is shared between your health and your magic reserves. [demonic ancestry]
   267 | D:1      | Reached XP level 2. HP: 24/24 MP: 2/2
   810 | D:1      | Reached XP level 3. HP: 29/29 MP: 3/3
  1374 | D:2      | Noticed Terence
  1398 | D:2      | Killed Terence
  1398 | D:2      | Reached skill level 4 in Long Blades
  1398 | D:2      | Reached XP level 4. HP: 37/37 MP: 1/4
  1758 | D:2      | Reached ** piety under Trog
  2407 | D:3      | Found a bloodstained altar of Trog.
  2484 | D:3      | Noticed Natasha
  2491 | D:3      | Killed Natasha
  2501 | D:3      | Noticed Natasha
  2511 | D:3      | Killed Natasha
  2511 | D:3      | Gained mutation: You are partially covered in thin metallic scales. (AC +2) [demonic ancestry]
  2511 | D:3      | Reached XP level 5. HP: 31/42 MP: 2/5
  2526 | D:3      | Noticed Natasha
  2534 | D:3      | Killed Natasha
  2837 | D:3      | You fall through a shaft for 2 floors!
  2837 | D:5      | Entered Level 5 of the Dungeon
  2863 | D:5      | Noticed a phantom
  2898 | D:5      | Noticed Grinder
  2898 | D:5      | Reached skill level 5 in Long Blades
  2904 | D:5      | Paralysed by Grinder for 2 turns
  2910 | D:5      | Killed Grinder
  2910 | D:5      | Reached XP level 6. HP: 24/50 MP: 2/6
  2931 | D:5      | Reached skill level 5 in Fighting
  2931 | D:5      | Reached skill level 6 in Long Blades
  3149 | D:4      | Gained mutation: You are partially covered in sharp spines. [demonic ancestry]
  3149 | D:4      | Reached XP level 7. HP: 56/56 MP: 7/7
  3949 | D:4      | Reached skill level 7 in Long Blades
  4323 | D:4      | Reached XP level 8. HP: 64/64 MP: 8/8
  4436 | D:4      | Reached *** piety under Trog
  4673 | D:5      | Noticed Menkaure
  4683 | D:5      | Killed Menkaure
  4760 | D:5      | Found a shadowy altar of Dithmenos.
  4776 | D:5      | Reached skill level 8 in Long Blades
  4839 | D:5      | Found a blossoming altar of Fedhas.
  5132 | D:5      | Found an iron altar of Okawaru.
  5134 | D:5      | Found a radiant altar of Vehumet.
  5136 | D:5      | Found a white marble altar of Elyvilon.
  5416 | D:6      | Reached skill level 9 in Long Blades
  5424 | D:6      | Found a hide-covered altar of Uskayaw.
  5467 | D:6      | Gained mutation: You are mostly covered in sharp spines. [demonic ancestry]
  5467 | D:6      | Reached XP level 9. HP: 68/72 MP: 9/9
  5501 | D:6      | Found a staircase to the Ecumenical Temple.
  5822 | D:7      | Reached **** piety under Trog
  5918 | D:7      | Reached skill level 10 in Long Blades
  5932 | D:7      | Noticed Prince Ribbit
  5958 | D:7      | Killed Prince Ribbit
  5966 | D:7      | Noticed Duvessa
  5973 | D:7      | Reached skill level 11 in Long Blades
  6260 | D:7      | Gained mutation: You have sharp toenails. [demonic ancestry]
  6260 | D:7      | Reached XP level 10. HP: 81/82 MP: 10/10
  6364 | D:7      | Noticed Dowan
  6371 | D:7      | Killed Dowan
  6387 | D:7      | Killed Duvessa
  7153 | D:8      | Found Itahib's Distillery.
  7318 | D:8      | Found a sand-covered staircase.
  7324 | Ossuary  | Entered an ossuary
  7479 | Ossuary  | Reached ***** piety under Trog
  7691 | D:8      | Found an ancient bone altar of Kikubaaqudgha.
  7694 | D:8      | Reached skill level 12 in Long Blades
  7813 | D:8      | Reached skill level 10 in Fighting
  7915 | D:9      | Found Kuwu's Weapon Boutique.
  7927 | D:9      | Bought a +1 great sword of draining for 261 gold pieces
  7929 | D:9      | Noticed a manticore
  7937 | D:9      | Killed a manticore
  8273 | D:9      | Received a gift from Trog
  8340 | D:9      | Gained mutation: You have razor-sharp toenails. [demonic ancestry]
  8340 | D:9      | Reached XP level 11. HP: 55/92 MP: 6/11
  8342 | D:9      | Found a staircase to the Lair.
  9048 | D:10     | Entered Level 10 of the Dungeon
  9074 | D:10     | HP: 4/92 [electric eel/bolt of electricity (13)]
  9075 | D:10     | Killed from afar by an electric eel

Skill      XL: |  1  2  3  4  5  6  7  8  9 10 |
---------------+-------------------------------+-----
Long Blades    | 3 4 5 6 7 9 11 12 | 12.9
Fighting       | 4 5 6 7 8 10 | 10.4
Armour         | |  1.7
Dodging        | |  1.7

Action                   |  1- 3 |  4- 6 |  7- 9 | 10-12 || total
-------------------------+-------+-------+-------+-------++-------
Melee: Falchion          |   109 |    63 |       |       ||   172
       Long sword        |       |    40 |   250 |   203 ||   493
       Great sword       |       |       |       |    33 ||    33
       Rapier            |       |       |       |    81 ||    81
Invok: Berserk           |     1 |     2 |     2 |     2 ||     7
       Burn Spellbooks   |       |       |     1 |     2 ||     3
  Use: Scroll            |       |       |    12 |     9 ||    21
       Potion            |       |       |     1 |       ||     1
  Eat: Chunk             |     2 |     3 |    12 |     9 ||    26
       Ration            |       |     1 |     1 |       ||     2
Armor: Animal skin       |     6 |       |       |       ||     6
       Ring mail         |    21 |       |       |       ||    21
       Scale mail        |       |    49 |   136 |    20 ||   205
       Chain mail        |       |       |       |   112 ||   112
Dodge: Dodged            |    65 |    45 |   136 |    92 ||   338
Block: Shield            |       |       |       |    36 ||    36
       Rpst.: Falchion   |    26 |    10 |       |       ||    36
       Long sword        |       |     9 |    39 |    23 ||    71
       Great sword       |       |       |       |     5 ||     5
